 Dungeon Crawl Stone Soup version 0.28-a0-834-g1a73be5ee4 (webtiles) character file.

Game seed: 8029801875987302721

313 Crownlay the Cleaver (level 6, -3/51 HPs)
             Began as a Hill Orc Fighter on Nov 11, 2021.
             Was an Initiate of Okawaru.
             Slain by a gnoll (6 damage)
             ... on level 4 of the Dungeon.
             The game lasted 00:06:17 (4663 turns).

Crownlay the Cleaver (Hill Orc Fighter)             Turns: 4663, Time: 00:06:18

Health: -3/51      AC:  9    Str: 21    XL:     6   Next: 43%
Magic:  6/6        EV:  9    Int:  8    God:    Okawaru [......]
Gold:   158        SH:  4    Dex: 10    Spells: 5/5 levels left

rFire   . . .      SeeInvis .   a - +0 war axe
rCold   + . .      Faith    .   n - +0 buckler {rC+}
rNeg    . . .      Spirit   .   b - +0 scale mail
rPois   .          Reflect  .   (no helmet)
rElec   .          Harm     .   r - +0 cloak
rCorr   .          Rampage  .   m - +0 pair of gloves
Will    .....                   (no boots)
Stlth   ..........              (no amulet)
HPRegen 0.17/turn               (no ring)
MPRegen 0.10/turn               (no ring)

@: no status effects
A: no striking features
a: Renounce Religion


You were on level 4 of the Dungeon.
You worshipped Okawaru.
Okawaru was noncommittal.
You visited 2 branches of the dungeon, and saw 5 of its levels.

You collected 158 gold pieces.

Inventory:

Hand Weapons
 a - a +0 war axe (weapon)
Missiles
 u - 3 boomerangs (quivered)
Armour
 b - a +0 scale mail (worn)
 m - a +0 pair of gloves (worn)
 n - a +0 buckler of cold resistance (worn)
 r - a +0 cloak (worn)
Jewellery
 j - a ring of ice
 l - a ring of wizardry
Scrolls
 c - 3 scrolls of teleportation
 g - a scroll of immolation {unknown}
 i - a scroll of identify
 k - a scroll of blinking {unknown}
 s - a scroll of fear {unknown}
 t - a scroll of torment {unknown}
 v - a scroll of magic mapping {unknown}
Potions
 d - a potion of might
 e - a potion of resistance {unknown}
 f - 2 potions of flight {unknown}
 h - a potion of mutation {unknown}
 o - 3 potions of brilliance {unknown}
 p - 4 potions of curing
 q - 2 potions of heal wounds


   Skills:
 - Level 3.6 Fighting
 * Level 8.3 Axes
 - Level 3.2 Armour
 - Level 4.0 Shields


You had 5 spell levels left.
You didn't know any spells.
Your spell library contained the following spells:

 Spells                   Type           Power      Damage    Failure   Level
 Foxfire                  Conj/Fire      0%         2x1d4     75%         1
 Conjure Flame            Conj/Fire      0%         6-21      98%         3
 Inner Flame              Hex/Fire       0%         N/A       98%         3
 Flame Wave               Conj/Fire      0%         3d3       100%        4
 Fireball                 Conj/Fire      0%         3d3       100%        5
 Iskenderun's Battlesphe  Conj           0%         2d6       100%        5
 Conjure Ball Lightning   Conj/Air       0%         3x3d6     100%        6
 Orb of Destruction       Conj           0%         N/A       100%        7


Dungeon Overview and Level Annotations

Branches:
Dungeon (4/15)             Temple (1/1) D:4

Altars:
Ashenzari
Dithmenos
Hepliaklqana
Nemelex Xobeh
Okawaru
Qazlal
Trog
Uskayaw
The Shining One

Shops:
D:4 [


Message History

You hit the gnoll. x2; The gnoll closely misses you.
The gnoll hits you with a +0 spear. You block the gnoll's attack.
You closely miss the gnoll.
The gnoll is almost dead.
You barely miss the gnoll. You hit the gnoll.
The gnoll hits you with a +0 spear. The gnoll hits you but does no damage.
You block the gnoll's attack.
You barely miss the gnoll.
The gnoll is almost dead.
You closely miss the gnoll. x2; The gnoll hits you with a +0 spear.
The gnoll hits you but does no damage. The gnoll hits you with a +0 halberd.
You barely miss the gnoll.
The gnoll is almost dead.
You hit the gnoll. You slash the gnoll!
You kill the gnoll!
Okawaru accepts your kill. You block the gnoll's attack.
The gnoll hits you with a +0 flail! x2
* * * LOW HITPOINT WARNING * * *
The gnoll hits you with a +0 spear.
* * * LOW HITPOINT WARNING * * *
You are too injured to fight recklessly!
You are too injured to fight recklessly!
You are too injured to fight recklessly!
You are too injured to fight recklessly!
You hit the gnoll but do no damage.
The gnoll is almost dead.
You hit the gnoll. The gnoll barely misses you.
The gnoll hits you with a +0 flail.
* * * LOW HITPOINT WARNING * * *
You hit the gnoll.
The gnoll is almost dead.
You hit the gnoll. The gnoll hits you but does no damage.
The gnoll barely misses you.
You barely miss the gnoll.
The gnoll is almost dead.
You hit the gnoll.
You kill the gnoll!
Okawaru accepts your kill. The gnoll hits you with a +0 flail.
You die...

##.......##.
#........##.
#.........#.
#.........##
####...........
#####.............#
#.....#.#.#####..##
##.##.#.#.# ....
#@)#.#.#.# ..#
#g)#.#...#
...#...###
###...... ......
.###. .# ..


You could see a gnoll.

Vanquished Creatures
  A howler monkey (D:4)
  2 hounds (D:4)
  Crazy Yiuf (D:2)
  A bullfrog skeleton (D:4)
  Jessica (D:3)
  A hound skeleton (D:4)
  4 gnolls
  2 adders
  A worm (D:2)
  A dart slug (D:4)
  2 orcs
  5 ball pythons
  4 endoplasms
  2 giant cockroaches (D:2)
  5 hobgoblins
  4 jackals
  2 quokkas (D:1)
  4 bats
  7 frilled lizards
  10 goblins
  5 kobolds
  4 rats
69 creatures vanquished.

Vanquished Creatures (others)
  A giant cockroach (D:4)
1 creature vanquished.

Grand Total: 70 creatures vanquished

Notes
Turn   | Place    | Note
-------+----------+-------------------------------------------
     0 | D:1      | Crownlay the Hill Orc Fighter began the quest for the Orb.
     0 | D:1      | Reached XP level 1. HP: 19/19 MP: 1/1
   105 | D:1      | Reached skill level 3 in Axes
   456 | D:1      | Reached XP level 2. HP: 26/26 MP: 2/2
   738 | D:1      | Reached skill level 4 in Axes
   933 | D:1      | Found a faded altar of an unknown god.
   977 | D:1      | Reached XP level 3. HP: 28/31 MP: 3/3
  2012 | D:2      | Found a runed translucent door.
  2013 | D:2      | Noticed Crazy Yiuf
  2103 | D:2      | Reached XP level 4. HP: 39/39 MP: 4/4
  2517 | D:2      | Killed Crazy Yiuf
  2518 | D:2      | Reached skill level 5 in Axes
  2951 | D:3      | Noticed Jessica
  2959 | D:3      | Killed Jessica
  2960 | D:3      | Reached skill level 6 in Axes
  2960 | D:3      | Reached XP level 5. HP: 45/45 MP: 5/5
  3224 | D:4      | Found a hide-covered altar of Uskayaw.
  3286 | D:4      | Noticed an ogre
  4097 | D:4      | Reached skill level 7 in Axes
  4168 | D:4      | Found Moeli's Armour Shop.
  4198 | D:4      | Found a staircase to the Ecumenical Temple.
  4231 | Temple   | Entered the Ecumenical Temple
  4256 | Temple   | Became a worshipper of Warmaster Okawaru
  4412 | D:4      | Reached XP level 6. HP: 51/51 MP: 6/6
  4547 | D:4      | Found a bloodstained altar of Trog.
  4577 | D:4      | Reached skill level 8 in Axes
  4663 | D:4      | Slain by a gnoll

Illustrated notes

Levels and vault maps discovered:
D:1:      psy_arrival_spokes, layout_loops_cross,
          shapermc_ecumenical_altar_acropolis, serial_co_window_serial,
          co_window_corner_a, co_window_paths_b, co_window_paths_a,
          co_window_corner_a, co_window_corner_a, co_window_broadway_c,
          co_window_broadway_c, co_window_broadway_a, co_window_paths_d,
          glass_columns_a, glass_columns_c, glass_columns_a, minmay_lizard_pond
D:2:      layout_basic, uniq_crazy_yiuf_cottage
D:3:      layout_rooms, uniq_jessica
D:4:      layout_basic, mainiacjoe_overflow_chevrons, lemuel_crystal_altar,
          nicolae_gozag_seed_capital, minmay_temple_entry_large_hall,
          serial_shops, nicolae_shop_temple_entry_statues_fountains,
          kennysheep_cluttered_room, kennysheep_pointless_box
Temple:   compressed_dpeg_triangle_lava_temple

Skill      XL: |  1  2  3  4  5  6 |
---------------+-------------------+-----
Axes           | 3 4 6 7 8 |  8.3
Shields        | 4 |  4.0
Fighting       | |  3.6
Armour         | |  3.2

Action                   |  1- 3 |  4- 6 || total
-------------------------+-------+-------++-------
Melee: War axe           |   119 |   128 ||   247
Throw: Boomerang         |       |     2 ||     2
  Use: Potion            |       |     1 ||     1
       Scroll            |       |     3 ||     3
Armor: Scale mail        |    65 |    63 ||   128
Dodge: Dodged            |    67 |    58 ||   125
Block: Buckler           |    32 |    26 ||    58

Table legend: (Time is in decaauts)
 A = Elapsed time spent in this place.
 B = Non-inter-level travel time spent in this place.
 C = Inter-level travel time spent in this place.
 D = Time resting spent in this place.
 E = Time spent auto-exploring this place.
 F = Levels seen in this place.
 G = Mean time per level.
                   A        B        C        D        E       F      G
               +--------+--------+--------+--------+--------+-----+--------+
         Total |   4727 |   4563 |    164 |      0 |   3767 |   5 |  945.4 |
       Dungeon |   4683 |   4536 |    147 |      0 |   3756 |   4 | 1170.8 |
        Temple |     43 |     26 |     17 |      0 |     11 |   1 |   43.0 |
               +--------+--------+--------+--------+--------+-----+--------+

Top non-repeatable levels by time:
     D:1: 1553 daAuts
     D:2: 1496 daAuts
     D:4: 852 daAuts
     D:3: 780 daAuts
  Temple: 43 daAuts
